 Dungeon Crawl Stone Soup version 0.30-a0-622-gddc90eaa04 (webtiles) character file.

Game seed: 4828507830358692030

112 ragingrage the Sneak (level 4, -2/29 HPs)
             Began as an Octopode Artificer on Jan 10, 2023.
             Splashed by a jelly's acid (7 damage)
             ... on level 2 of the Dungeon.
             The game lasted 00:02:03 (975 turns).

ragingrage the Sneak (Octopode Artificer)            Turns: 975, Time: 00:02:04

Health: -2/29      AC: -3    Str: 11    XL:     4   Next: 93%
Magic:  4/4        EV: 13    Int: 13    God:
Gold:   94         SH:  5    Dex: 14    Spells: 3/3 levels left

rFire   . . .      SeeInvis .    q - +2 halberd (venom)
rCold   . . .      Faith    .    (shield currently unavailable)
rNeg    + . .      Spirit   .    (helmet restricted)
rPois   .          Reflect  +    s - amulet of reflection
rElec   .          Harm     .    e - ring of positive energy
rCorr   .          Rampage  .    (no ring)
Will    .....                    (no ring)
Stlth   ++++                     (no ring)
HPRegen 0.24/turn                (no ring)
MPRegen 0.09/turn                (no ring)
                                 (no ring)
                                 (no ring)

@: corroded
A: almost no armour, amphibious, 8 rings, camouflage 1, gelatinous body 1,
(nimble swimmer 1), tentacles
a: no special abilities


You were on level 2 of the Dungeon.
You visited 1 branch of the dungeon, and saw 2 of its levels.

You collected 94 gold pieces.

Inventory:

Hand Weapons
 a - a +0 dagger
 b - a +0 sling
 n - a +1 short sword of holy wrath
 q - a +2 halberd of venom (weapon)
Missiles
 o - 5 javelins
Jewellery
 e - a ring of positive energy (left tentacle)
 s - an amulet of reflection (around mantle)
Wands
 c - a wand of charming (12)
 d - a wand of iceblast (4)
 k - a wand of flame (11) (quivered)
Scrolls
 f - a scroll of fear {unknown}
 g - a scroll of enchant weapon {unknown}
 h - a scroll of enchant armour {unknown}
 j - 2 scrolls of identify {unknown}
 l - 2 scrolls of vulnerability {unknown}
 m - a scroll of blinking {unknown}
 r - a scroll of noise {unknown}
Potions
 i - a potion of brilliance {unknown}
 p - a potion of berserk rage {unknown}


   Skills:
 + Level 1.9 Fighting
 - Level 2.1 Short Blades
 - Level 2.3 Dodging
 + Level 4.7 Stealth
 - Level 0.6 Unarmed Combat
 - Level 3.2 Evocations


You had 3 spell levels left.
You didn't know any spells.
Your spell library contained the following spells:

 Spells                   Type           Power      Damage    Failure   Level
 Petrify                  Tmut/Erth      0%         N/A       97%         4
 Dragon Form              Tmut           0%         N/A       100%        7
 Maxwell's Capacitive Co  Air            0%         ∞         100%        8


Dungeon Overview and Level Annotations

Branches:
Dungeon (2/15)

Altars:


Innate Abilities, Weirdness & Mutations

You cannot wear most types of armour.
You are amphibious.
You can wear up to eight rings at the same time.
Your skin changes colour to match your surroundings (Stealth+).
Your rubbery body absorbs attacks. (AC +1, EV +1)
((You are camouflaged when in or above water. (Stealth+)))
You have tentacles for arms and can constrict up to eight enemies at once.


Message History

The jelly quivers.
The jelly quivers.
You see here a rat skeleton.
The endoplasm quivers. x2
The endoplasm hits the fungus.
The fungus begins to die.
There is an open door here.
You close the door.
You hear a distant slurping noise.
The door mysteriously vanishes.
You see here a +0 dagger.
You reach to attack!
You hit the jelly.
The jelly is poisoned.
The jelly is moderately wounded.
The jelly barely misses you.
You hit the jelly.
The jelly looks as sick as possible!
Your tentacles burn!
You squeeze the jelly!
You kill the jelly!
You reach to attack!
You completely miss the jelly. The jelly hits you. The acid corrodes you!
You are splashed with acid!
You are too injured to fight recklessly!
You are too injured to fight recklessly!
Throw: 6 javelins
Press: ? - help, Shift-Dir - straight line, f/p - jelly
Aim: a jelly (89% to hit)
You throw a javelin.
The javelin pierces through the jelly but does no damage.
The javelin pierces through the endoplasm!
You kill the endoplasm!
You block the jelly's attack.
Aiming: Charm
Press: ? - help, Shift-Dir - straight line, f/p - jelly
Aim: a jelly (chance to affect: 66%)
The jelly struggles to resist.
The jelly hits you.
You are splashed with acid!
* * * LOW HITPOINT WARNING * * *
Aiming: Charm
Press: ? - help, Shift-Dir - straight line, f/p - jelly
Aim: a jelly (chance to affect: 66%)
The jelly struggles to resist.
The jelly hits you.
* * * LOW HITPOINT WARNING * * *
You are splashed with acid!
You die...

########## #...P....[
#......... #...P.....
#..JJJ.J.J #....J÷.÷J
#.÷÷....PJ ##.#######
##JJ@...## ###
########.# #.##+#
#....'..## #.##.#
#....#### #.##.#
#.......# #....#
#.......##..# #.##'#
#.......##..# #.#...
#.......##..####.#...
##.....###..##...+...


You could see a jelly and an endoplasm.

Vanquished Creatures
  A jelly (D:2)
  3 gnolls (D:2)
  A worm (D:2)
  4 endoplasms
  3 giant cockroaches
  4 goblins (D:1)
  2 hobgoblins (D:1)
  2 jackals (D:1)
  3 quokkas (D:1)
  4 ball pythons
  2 bats
  3 frilled lizards
  12 kobolds
  A rat (D:1)
45 creatures vanquished.

Vanquished Creatures (others)
  A gnoll (D:2)
  A fungus (D:2)
  12 toadstools (D:2)
14 creatures vanquished.

Grand Total: 59 creatures vanquished

Notes
Turn   | Place    | Note
-------+----------+-------------------------------------------
     0 | D:1      | ragingrage the Octopode Artificer began the quest for the
                  | Orb.
     0 | D:1      | Reached XP level 1. HP: 13/13 MP: 1/1
   109 | D:1      | Reached skill level 2 in Stealth
   110 | D:1      | Reached XP level 2. HP: 12/18 MP: 2/2
   380 | D:1      | Reached skill level 1 in Short Blades
   465 | D:1      | Reached skill level 3 in Stealth
   600 | D:1      | Reached XP level 3. HP: 23/23 MP: 3/3
   748 | D:2      | Got the Collected Works on the Aerial Switch
   792 | D:2      | Reached skill level 4 in Stealth
   792 | D:2      | Reached XP level 4. HP: 24/28 MP: 4/4
   975 | D:2      | Splashed by a jelly's acid

Illustrated notes

Levels and vault maps discovered:
D:1:      nicolae_arrival_washed_ashore, layout_basic
D:2:      cheibrodos_fertilizer, layout_basic, minmay_rat_gold_closets

Skill      XL: |  1  2  3 |
---------------+----------+-----
Stealth        | 2 3 4 |  4.7
Short Blades   | 1 2 |  2.1
Fighting       | |  1.9
Dodging        | |  2.3
Unarmed Combat | |  0.6
Evocations     | |  3.2

Action                   |  1- 3 |  4- 6 || total
-------------------------+-------+-------++-------
Melee: Dagger            |    30 |       ||    30
       Unarmed           |     5 |       ||     5
       Tentacles         |    15 |     2 ||    17
       Constrict         |    14 |     3 ||    17
       Short sword       |    23 |       ||    23
       Punch             |     1 |       ||     1
       Halberd           |       |    21 ||    21
Throw: Javelin           |       |     1 ||     1
Evoke: Wand              |     6 |     2 ||     8
 Stab: Sleeping          |     7 |     2 ||     9
       Distracted        |       |     1 ||     1
Armor: Skin              |     6 |       ||     6
Dodge: Dodged            |    31 |    13 ||    44
Block: Other             |       |     1 ||     1

Table legend: (Time is in decaauts)
 A = Elapsed time spent in this place.
 B = Non-inter-level travel time spent in this place.
 C = Inter-level travel time spent in this place.
 D = Time resting spent in this place.
 E = Time spent auto-exploring this place.
 F = Levels seen in this place.
 G = Mean time per level.
                   A        B        C        D        E       F      G
               +--------+--------+--------+--------+--------+-----+--------+
         Total |    983 |    951 |     32 |    110 |    544 |   2 |  491.5 |
       Dungeon |    983 |    951 |     32 |    110 |    544 |   2 |  491.5 |
               +--------+--------+--------+--------+--------+-----+--------+

Top non-repeatable levels by time:
     D:1: 722 daAuts
     D:2: 260 daAuts
